 Dungeon Sprint DCSS version 0.29-a0-775-g4d7333d4e2 (webtiles) character file.

Game seed: 6542798039991744140

20743 mhtbhm the Imperceptible (level 12, -2/62 HPs)
             Began as a Spriggan Enchanter on July 1, 2022.
             Was an Initiate of Gozag.
             Slain by a white very ugly thing (52 damage)
             ... in the Dungeon (Sprint IX: "|||||||||||||||||||||||||||||").
             The game lasted 00:12:17 (3833 turns).

mhtbhm the Imperceptible (Spriggan Enchanter)       Turns: 3833, Time: 00:12:18

Health: -2/62      AC:  8    Str:  4    XL:     12   Next: 48%
Magic:  24/33      EV: 17    Int: 26    God:    Gozag
Gold:   5600       SH:  0    Dex: 21    Spells: 15/44 levels left

rFire   . . .      SeeInvis +   a - +2 rapier (drain)
rCold   . . .      Faith    .   (no shield)
rNeg    . . .      Spirit   .   b - +0 swamp dragon scales
rPois   +          Reflect  .   (helmet restricted)
rElec   .          Harm     .   j - +0 cloak
rCorr   .          Rampage  .   (gloves unavailable)
Will    ++...      NoTele   +   (boots unavailable)
Stlth   +++++++++.              r - amulet of regeneration
HPRegen 1.00/turn               t - +6 ring of intelligence
MPRegen 0.23/turn               s - +6 ring of intelligence

@: confusing by touch, very quick
A: very small, no large weapons, unfitting armour, see invisible, speed 3, dopey
1
a: Renounce Religion, Potion Petition, Call Merchant, Bribe Branch


You were in the Dungeon.
You worshipped Gozag.
Gozag was greatly pleased with you.
You visited 1 branch You collected 9237 gold pieces.
You spent 2106 gold pieces at shops.
You paid 1531 gold pieces to Gozag.

Inventory:

Hand Weapons
 a - a +2 rapier of draining (weapon)
Armour
 b - +0 swamp dragon scales (worn)
 j - a +0 cloak (worn)
Jewellery
 k - a ring of flight
 l - a +3 ring of intelligence
 o - a ring of willpower
 r - an amulet of regeneration (around neck)
 s - a +6 ring of intelligence (right hand)
 t - a +6 ring of intelligence (left hand)
 u - a ring of poison resistance
 v - a ring of ice
 w - a ring of protection from cold
Wands
 h - a wand of iceblast (10)
Scrolls
 f - 2 scrolls of amnesia
 i - 3 scrolls of blinking
 n - 5 scrolls of enchant weapon
 p - 3 scrolls of fear
 q - 2 scrolls of fog
 y - a scroll of identify
Potions
 c - 2 potions of invisibility
 d - 9 potions of curing
 e - 4 potions of heal wounds
 g - 4 potions of magic
 m - a potion of haste
 x - a potion of brilliance
 z - 2 potions of mutation
 A - a potion of berserk rage


   Skills:
 + Level 6.7 Fighting
 + Level 13.8 Short Blades
 + Level 0.5 Armour
 + Level 10.1 Dodging
 + Level 25.9 Stealth
 + Level 16.5 Spellcasting
 + Level 4.5 Conjurations
 + Level 17.1 Hexes
 + Level 8.2 Ice Magic


You had 15 spell levels left.
You knew the following spells:

 Your Spells              Type           Power      Damage    Failure   Level
a - Ensorcelled Hibernat  Hex/Ice        100%       N/A       1%          2
b - Confusing Touch       Hex            84%        N/A       1%          3
c - Tukima's Dance        Hex            84%        N/A       1%          3
d - Dazzling Flash        Conj/Hex       100%       N/A       1%          3
e - Portal Projectile     Hex/Tloc       100%       N/A       1%          3
f - Leda's Liquefaction   Hex/Erth       30%        N/A       4%          4
g - Statue Form           Tmut/Erth      14%        N/A       100%        6
h - Lee's Rapid Deconstr  Erth           10%        3d9*      98%         5

Your spell library contained the following spells:

 Spells                   Type           Power      Damage    Failure   Level
 Call Canine Familiar     Summ           21%        N/A       38%         3


Dungeon Overview and Level Annotations

Branches:
Dungeon (1/1)

Altars:
Cheibriados
Dithmenos
Elyvilon
Fedhas
Gozag
Hepliaklqana
Kikubaaqudgha
Makhleb
Nemelex Xobeh
Okawaru
Qazlal
Ru
Sif Muna
Trog
Uskayaw
Vehumet
Wu Jian
Xom
Yredelemnul
Zin
The Shining One
Beogh
Jiyva
Lugonu

Shops:
D [=[*(:


Innate Abilities, Weirdness & Mutations

You are very small and have problems with some larger weapons.
You are too small for most types of armour.
You have supernaturally acute eyesight. (SInv)
You cover ground extremely quickly. (Speed+++)
You are dopey. (Int -2)


Message History

The white very ugly thing is no longer distracted by gold.
You see here a +2 robe of willpower.
You see here a +3 scale mail.
You see here a +1 pair of boots.
You see here +1 fire dragon scales.
You see here the +0 pair of gloves of Ohonoan {rElec rF+ Int-3 Slay+6}.
You see here a +1 pair of boots.
You see here a +1 pair of gloves.
You see here a +2 plate armour.
You see here a +0 triple crossbow.
You see here a +2 war axe of flaming.
You see here a +2 dagger of draining.
You see here a +0 spectral quarterstaff.
You see here a +1 great sword.
You see here a +4 quarterstaff of holy wrath.
You see here a +1 vampiric trident.
You see here a +1 great mace.
There is an open door here.
You start resting.
HP restored.
You start resting.
A white very ugly thing is nearby!
Casting: Ensorcelled Hibernation (safe; 1% risk of failure)
Confirm with . or Enter, or press ? or * to list all spells.
You can't see any susceptible monsters within range! (Use Z to cast anyway.) Unknown command.
Casting: Ensorcelled Hibernation (safe; 1% risk of failure)
Confirm with . or Enter, or press ? or * to list all spells.
Okay, then.
There is an open door here.
Casting: Ensorcelled Hibernation (safe; 1% risk of failure)
Confirm with . or Enter, or press ? or * to list all spells.
Your hands begin to glow red.
The white very ugly thing gurgles horribly!
You hit the white very ugly thing but do no damage.
The white very ugly thing tail-slaps you!
The white very ugly thing freezes you!!!
Ouch! That really hurt!
You die...
Your body crumbles into a pile of gold.

▓_▓.▓.▓.▓)▓.▓)▓
▓_▓.▓.▓.▓)▓.▓)▓
▓_▓.▓.▓.▓)▓.▓)▓
▓_▓.▓.▓.▓)▓.▓)▓
▓'▓.▓.▓.▓)▓.▓)▓
▓.▓.▓(▓.▓)▓.▓)▓
▓.▓.▓.▓.▓)▓.▓.▓
▓.▓.▓.▓.▓'▓.▓u▓
▓.▓.▓.▓.▓.▓.▓@▓
▓)▓.▓.▓.▓.▓.▓.▓
▓'▓.▓.▓.▓.▓.▓.▓
▓.▓.▓.▓.▓.▓.▓'▓
▓.▓.▓.▓.▓.▓.▓.▓
▓.▓.▓'▓.▓.▓.▓.▓
▓.▓.▓.▓.▓.▓.▓.▓
▓.▓.▓.▓.▓)▓.▓.▓
▓'▓.▓.▓.▓.▓.▓.▓


You could see a white very ugly thing.

Vanquished Creatures
  A frost giant (D)
  A very ugly thing (D)
  Erolcha (D)
  A hydra (D)
  3 centaur warriors (D)
  6 two-headed ogres (D)
  3 ogre magi (D)
  An orc high priest (D)
  A manticore (D)
  5 cyclopes (D)
  An orc sorcerer (D)
  An ugly thing (D)
  2 elephants (D)
  2 gargoyles (D)
  2 cane toads (D)
  An unseen horror (D)
  A rime drake (D)
  Psyche (D)
  2 komodo dragons (D)
  4 polar bears (D)
  A blink frog (D)
  2 yaks (D)
  A basilisk (D)
  A wyvern (D)
  4 water moccasins (D)
  9 orc warriors (D)
  6 black bears (D)
  5 ogres (D)
  A phantom (D)
  A necrophage (D)
  A killer bee (D)
  A howler monkey (D)
  A jelly (D)
  4 orc priests (D)
  A hell rat (D)
  5 orc wizards (D)
  A white imp (D)
  7 orcs (D)
  A giant cockroach (D)
  2 goblins (D)
  2 rats (D)
97 creatures vanquished.

Notes
Turn   | Place    | Note
-------+----------+-------------------------------------------
     0 | D        | mhtbhm the Spriggan Enchanter began the quest for the Orb.
     0 | D        | Reached XP level 1. HP: 9/9 MP: 5/5
    26 | D        | Reached skill level 5 in Stealth
   243 | D        | Noticed a jelly
   243 | D        | Noticed a phantom
   243 | D        | Noticed a necrophage
   256 | D        | Killed a necrophage
   257 | D        | Reached skill level 7 in Stealth
   257 | D        | Reached XP level 2. HP: 14/14 MP: 6/8
   257 | D        | Reached XP level 3. HP: 17/17 MP: 6/9
   264 | D        | Killed a phantom
   265 | D        | Reached skill level 1 in Fighting
   265 | D        | Reached skill level 5 in Short Blades
   265 | D        | Reached skill level 9 in Stealth
   265 | D        | Reached skill level 5 in Spellcasting
   265 | D        | Reached XP level 4. HP: 16/22 MP: 7/12
   265 | D        | Reached XP level 5. HP: 18/25 MP: 7/13
   270 | D        | HP: 1/25 [acid (8)]
   285 | D        | Learned a level 2 spell: Ensorcelled Hibernation
   587 | D        | Learned a level 3 spell: Confusing Touch
   591 | D        | Learned a level 3 spell: Tukima's Dance
   595 | D        | Learned a level 3 spell: Dazzling Flash
   606 | D        | Found a snail-covered altar of Cheibriados.
   606 | D        | Found a shadowy altar of Dithmenos.
   606 | D        | Found a white marble altar of Elyvilon.
   606 | D        | Found a blossoming altar of Fedhas.
   606 | D        | Found an opulent altar of Gozag.
   607 | D        | Found a hazy altar of Hepliaklqana.
   608 | D        | Found a viscous altar of Jiyva.
   609 | D        | Found an ancient bone altar of Kikubaaqudgha.
   610 | D        | Found a corrupted altar of Lugonu.
   611 | D        | Found a burning altar of Makhleb.
   612 | D        | Found a sparkling altar of Nemelex Xobeh.
   613 | D        | Found an iron altar of Okawaru.
   614 | D        | Found a stormy altar of Qazlal.
   615 | D        | Found a sacrificial altar of Ru.
   616 | D        | Found a shimmering blue altar of Sif Muna.
   617 | D        | Found a bloodstained altar of Trog.
   618 | D        | Found a hide-covered altar of Uskayaw.
   619 | D        | Found a radiant altar of Vehumet.
   620 | D        | Found an ornate altar of the Wu Jian Council.
   621 | D        | Found a shimmering altar of Xom.
   622 | D        | Found a basalt altar of Yredelemnul.
   623 | D        | Found a glowing silver altar of Zin.
   624 | D        | Found a glowing golden altar of the Shining One.
   722 | D        | Became a worshipper of Gozag Ym Sagoz the Greedy
   768 | D        | Noticed an unseen horror
   768 | D        | Noticed a gargoyle
   768 | D        | Noticed a yak
   770 | D        | Killed a yak
   771 | D        | Reached skill level 5 in Dodging
   771 | D        | Reached skill level 11 in Stealth
   771 | D        | Reached XP level 6. HP: 30/30 MP: 14/16
   782 | D        | Killed a gargoyle
   783 | D        | Reached skill level 12 in Stealth
   783 | D        | Reached XP level 7. HP: 35/35 MP: 13/18
   785 | D        | Reached skill level 13 in Stealth
   785 | D        | Reached skill level 10 in Hexes
   793 | D        | Killed an unseen horror
   794 | D        | Reached skill level 10 in Short Blades
   794 | D        | Reached skill level 14 in Stealth
   895 | D        | Noticed a two-headed ogre
   895 | D        | Noticed a cyclops
   895 | D        | Noticed a centaur warrior
   895 | D        | Noticed a gargoyle
   895 | D        | Noticed a basilisk
   895 | D        | Noticed a centaur warrior
   907 | D        | Killed a centaur warrior
   908 | D        | Reached skill level 15 in Stealth
   908 | D        | Reached skill level 1 in Conjurations
   908 | D        | Reached XP level 8. HP: 27/42 MP: 4/21
  1116 | D        | Killed a gargoyle
  1117 | D        | Reached XP level 9. HP: 28/46 MP: 17/23
  1128 | D        | Killed a centaur warrior
  1129 | D        | Reached skill level 16 in Stealth
  1129 | D        | Reached skill level 10 in Spellcasting
  1133 | D        | Killed a cyclops
  1146 | D        | Killed a two-headed ogre
  1147 | D        | Reached skill level 5 in Fighting
  1147 | D        | Reached skill level 17 in Stealth
  1432 | D        | Learned a level 3 spell: Portal Projectile
  1437 | D        | Learned a level 4 spell: Leda's Liquefaction
  1448 | D        | Noticed a cane toad
  1448 | D        | Noticed a cane toad
  1449 | D        | Noticed a rime drake
  1452 | D        | Killed a cane toad
  1453 | D        | Reached XP level 10. HP: 51/51 MP: 26/26
  1456 | D        | Killed a cane toad
  1457 | D        | Reached skill level 18 in Stealth
  1481 | D        | Reached skill level 19 in Stealth
  1545 | D        | Noticed an elephant
  1545 | D        | Noticed an elephant
  2040 | D        | Killed an elephant
  2048 | D        | Killed an elephant
  2049 | D        | Reached skill level 5 in Ice Magic
  2093 | D        | Reached skill level 20 in Stealth
  2239 | D        | Noticed a six-headed hydra
  2269 | D        | Killed a six-headed hydra
  2538 | D        | Reached XP level 11. HP: 56/56 MP: 29/29
  2608 | D        | Noticed Psyche
  2614 | D        | Killed Psyche
  2715 | D        | Reached skill level 21 in Stealth
  2786 | D        | Noticed an orc high priest
  2793 | D        | Noticed an orc sorcerer
  2801 | D        | Gained mutation: You are dopey. (Int -2) [a neqoxec]
  2930 | D        | Killed an orc high priest
  2957 | D        | Paralysed by an orc sorcerer for 4 turns
  2964 | D        | Killed an orc sorcerer
  2965 | D        | Reached skill level 15 in Hexes
  3062 | D        | Found Nydghy's Assorted Antiques.
  3062 | D        | Noticed a two-headed ogre
  3062 | D        | Noticed a two-headed ogre
  3062 | D        | Noticed an ogre mage
  3062 | D        | Noticed an ogre mage
  3062 | D        | Noticed a two-headed ogre
  3147 | D        | Killed a two-headed ogre
  3148 | D        | Reached skill level 22 in Stealth
  3170 | D        | Killed an ogre mage
  3197 | D        | Killed an ogre mage
  3232 | D        | Killed a two-headed ogre
  3233 | D        | Reached skill level 23 in Stealth
  3241 | D        | Killed a two-headed ogre
  3242 | D        | Reached skill level 15 in Spellcasting
  3246 | D        | Found Zoppojio's Armour Shop.
  3248 | D        | Noticed a two-headed ogre
  3249 | D        | Found Xuhioplu's Jewellery Boutique.
  3251 | D        | Found Ucoeces's Antique Armour Shop.
  3253 | D        | Killed a two-headed ogre
  3254 | D        | Reached skill level 10 in Dodging
  3256 | D        | Noticed an ogre mage
  3257 | D        | Noticed a two-headed ogre
  3288 | D        | Killed an ogre mage
  3303 | D        | Killed a two-headed ogre
  3304 | D        | Reached skill level 24 in Stealth
  3304 | D        | Reached XP level 12. HP: 62/62 MP: 12/32
  3374 | D        | Bought a glowing robe for 88 gold pieces
  3375 | D        | Bought a glowing robe for 88 gold pieces
  3388 | D        | Bought an amulet of regeneration for 330 gold pieces
  3393 | D        | Bought a +6 ring of intelligence for 396 gold pieces
  3393 | D        | Bought a +6 ring of intelligence for 396 gold pieces
  3402 | D        | Bought a fizzy clear potion for 18 gold pieces
  3402 | D        | Bought a small wooden ring for 100 gold pieces
  3402 | D        | Bought a scroll of enchant weapon for 150 gold pieces
  3457 | D        | Noticed Erolcha
  3464 | D        | Killed Erolcha
  3581 | D        | Bought a book of the Earth for 540 gold pieces
  3588 | D        | Learned a level 6 spell: Statue Form
  3594 | D        | Learned a level 5 spell: Lee's Rapid Deconstruction
  3595 | D        | Noticed a centaur warrior
  3599 | D        | Killed a centaur warrior
  3605 | D        | Noticed a frost giant
  3606 | D        | Noticed a white very ugly thing
  3610 | D        | Noticed an ice dragon
  3612 | D        | Reached skill level 25 in Stealth
  3612 | D        | Noticed a red very ugly thing
  3757 | D        | Killed a frost giant
  3760 | D        | Killed a red very ugly thing
  3833 | D        | Slain by a white very ugly thing

Illustrated notes

Levels and vault maps discovered:
D:        linesprint [early_d, line_temple, items_1, d_10, items_2, lair_1,
          lair_end, items_3, orc_1, orc_end, items_4, d_15, swamp_1, shoals_1,
          snake_1, spider_1, d_20, vaults_1, items_5, swamp_end, shoals_end,
          snake_end, spider_end, vaults_end, d_27, items_6, zot_1, zot_end,
          crypt_end, forest_end, elf_end, slime_end, tomb_end, abyss_end,
          pan_hell_end]

Skill      XL: |  1  2  3  4  5  6  7  8  9 10 11 12 |
---------------+-------------------------------------+-----
Hexes          | 6 7 8 9 11 12 14 16 17 | 17.1
Spellcasting   | 4 5 6 8 9 11 13 15 16 | 16.5
Dodging        | 3 4 5 6 7 8 9 10 | 10.1
Stealth        | 7 9 11 12 15 17 20 24 25 | 25.9
Short Blades   | 3 5 7 8 10 11 12 13 | 13.8
Fighting       | 1 2 4 5 6 |  6.7
Conjurations   | 1 2 3 4 |  4.5
Ice Magic      | 2 3 5 7 8 |  8.2
Armour         | |  0.5

Action                   |  1- 3 |  4- 6 |  7- 9 | 10-12 || total
-------------------------+-------+-------+-------+-------++-------
Melee: Dagger            |    36 |     4 |       |       ||    40
       Rapier            |       |    11 |    25 |   135 ||   171
       Punch             |       |       |       |     1 ||     1
 Cast: Ensorcelled Hiber |       |     1 |    11 |    68 ||    80
       Confusing Touch   |       |     1 |     1 |     9 ||    11
       Dazzling Flash    |       |       |     9 |    25 ||    34
       Leda's Liquefacti |       |       |       |     1 ||     1
Invok: Call Merchant     |       |       |       |     2 ||     2
  Use: Potion            |     2 |     1 |     4 |       ||     7
       Scroll            |       |       |       |     1 ||     1
 Stab: Sleeping          |     1 |     2 |     5 |    36 ||    44
       Confused          |       |     2 |     1 |     9 ||    12
       Invisible         |       |       |     5 |    17 ||    22
       Distracted        |       |       |     1 |     5 ||     6
Armor: Robe              |     1 |       |     2 |     3 ||     6
       Swamp dragon scal |       |       |       |     1 ||     1
Dodge: Dodged            |    16 |     8 |    40 |    69 ||   133

Table legend: (Time is in decaauts)
 A = Elapsed time spent in this place.
 B = Non-inter-level travel time spent in this place.
 C = Inter-level travel time spent in this place.
 D = Time resting spent in this place.
 E = Time spent auto-exploring this place.
 F = Levels seen in this place.
 G = Mean time per level.
                   A        B        C        D        E       F      G
               +--------+--------+--------+--------+--------+-----+--------+
         Total |   3245 |   3245 |      0 |   1644 |    527 |   1 | 3245.0 |
       Dungeon |   3245 |   3245 |      0 |   1644 |    527 |   1 | 3245.0 |
               +--------+--------+--------+--------+--------+-----+--------+

Top non-repeatable levels by time:
       D: 3245 daAuts
